 Dungeon Crawl Stone Soup version 0.27.0-1-g7a089689b8 (webtiles) character file.

Game seed: 15076180001013291680

422190 robertstho the Slayer (level 22, -31/217 HPs)
             Began as a Grey Draconian Berserker on Aug 9, 2021.
             Was the Champion of Trog.
             Killed from afar by an ironbound frostheart (38 damage)
             ... by creeping frost
             ... summoned by a glowing orange brain
             ... while paralysed by a dread lich
             ... on level 4 of the Vaults.
             The game lasted 01:17:07 (46258 turns).

robertstho the Slayer (Grey Draconian Berserker)   Turns: 46258, Time: 01:17:07

Health: -31/217    AC: 33    Str: 37    XL:     22   Next: 67%
Magic:  13/13      EV: -1    Int:  7    God:    Trog [******]
Gold:   2509       SH:  0    Dex: 16    Spells: 21/21 levels left

rFire    + . .     SeeInvis .   q - +9 demon blade (vorpal)
rCold    + + +     Faith    .   A - +5 kite shield "Kiocso" {Contam Harm rC+++ MP-9}
rNeg     + . .     Spirit   .   (armour unavailable)
rPois    +         Reflect  +   (helmet restricted)
rElec    .         Harm     +   T - +2 cloak "Asistrie" {Drain rCorr Str+3}
rCorr    +         Rampage  .   V - +3 pair of gauntlets of War {Slay+5}
Will     +....                  Q - +5 pair of boots of Picip {Str+6}
Stlth    +++++.....             f - amulet of reflection
HPRegen  0.46/turn              b - +4 ring of protection
MPRegen  0.13/turn              Z - ring of Gip Iffipu {rPois rF+ rN+ Str-2 Dex+5}

@: paralysed, about to teleport, afraid, constricted
A: AC +16, amphibious, unfitting armour, cold-blooded
}: 2/15 runes: decaying, gossamer
a: Renounce Religion, Berserk, Trog's Hand, Brothers in Arms


You were on level 4 of the Vaults.
You worshipped Trog.
Trog was exalted by your worship.
You visited 7 branches of the dungeon, and saw 37 of its levels.
You visited the Abyss 1 time.
You visited 1 bazaar.
You also visited: Sewer, Bailey and Ice Cave.

You collected 4596 gold pieces.
You spent 2087 gold pieces at shops.

Inventory:

Hand Weapons
 q - a +9 vorpal demon blade (weapon)
 v - the +11 falchion of Deodas {flame, Fly Str+2}
   (Trog gifted it to you on level 3 of the Elven Halls)

   It burns those it strikes, dealing additional fire damage.
   Big, fiery blades are also staple armaments of hydra-hunters.
   Str:       It affects your strength (+2).
   Fly:       It grants you flight.
Armour
 A - the +5 kite shield "Kiocso" (worn) {Contam Harm rC+++ MP-9}
   (You took it off Donald on level 1 of the Swamp)

   rC:        It renders you almost immune to cold.
   MP:        It affects your magic capacity (-9).
   Contam:    It causes magical contamination when unequipped.
   Harm:      It increases damage dealt and taken.
 C - a +0 tower shield
 G - a scarf of resistance
 Q - the +5 pair of boots of Picip (worn) {Str+6}
   (You acquired it on level 5 of the Lair of Beasts)

   Str:       It affects your strength (+6).
 T - the +2 cloak "Asistrie" (worn) {Drain rCorr Str+3}
   (You found it on level 4 of the Lair of Beasts)

   Str:       It affects your strength (+3).
   rCorr:     It protects you from acid and corrosion.
   Drain:     It drains your maximum health when unequipped.
 V - the +3 pair of gauntlets of War (worn) {Slay+5}
   (You acquired it on level 14 of the Dungeon)

   Slay:      It affects your accuracy & damage with ranged weapons and melee
   (+5).
Jewellery
 b - a +4 ring of protection (left hand)
 c - a ring of protection from cold
 f - an amulet of reflection (around neck)
 g - a ring of see invisible
 i - the ring "Leubutes" {Wiz rElec rPois rN++ Dex-5}
   (You found it on level 3 of the Elven Halls)

   [ring of wizardry]

   It improves your spell success rate.
   Dex:       It affects your dexterity (-5).
   rElec:     It insulates you from electricity.
   rPois:     It protects you from poison.
   rN:        It greatly protects you from negative energy.
 p - a ring of fire
 D - the ring of Untruth {rN+ Will+ MP+9 Str-3}
   (You found it on level 3 of the Elven Halls)

   [ring of willpower]

   Str:       It affects your strength (-3).
   rN:        It protects you from negative energy.
   MP:        It affects your magic capacity (+9).
   Will:      It increases your willpower.
 E - a ring of flight
 F - the amulet "Sudioru" {Regen+ rCorr}
   (You found it on level 3 of the Elven Halls)

   [amulet of regeneration]

   Regen:     It increases your rate of health regeneration.
   rCorr:     It protects you from acid and corrosion.
 H - the amulet of Hepliaklqana's Delight {RegenMP rElec Dex-3 Stlth+}
   (You found it on level 2 of the Lair of Beasts)

   [amulet of magic regeneration]

   It increases your rate of magic regeneration.
   Dex:       It affects your dexterity (-3).
   rElec:     It insulates you from electricity.
   Stlth:     It makes you more stealthy.
 L - a ring of ice
 N - a ring of resist corrosion
 X - a ring of protection from cold
 Z - the ring of Gip Iffipu (right hand) {rPois rF+ rN+ Str-2 Dex+5}
   (You found it in an ice cave)

   [ring of positive energy]

   Str:       It affects your strength (-2).
   Dex:       It affects your dexterity (+5).
   rF:        It protects you from fire.
   rPois:     It protects you from poison.
   rN:        It protects you from negative energy.
Wands
 a - a wand of acid (6)
 t - a wand of mindburst (11)
 B - a wand of iceblast (34)
 U - a wand of digging (3)
Scrolls
 h - 11 scrolls of fog
 k - 9 scrolls of teleportation
 n - 2 scrolls of holy word
 o - 4 scrolls of identify
 r - 5 scrolls of fear
 x - 2 scrolls of magic mapping
 y - 2 scrolls of silence
 J - 3 scrolls of summoning
 O - 6 scrolls of immolation
 S - 9 scrolls of blinking
Potions
 d - 5 potions of flight
 e - 10 potions of heal wounds
 j - 2 potions of invisibility
 l - 27 potions of curing
 m - 3 potions of attraction
 u - a potion of mutation
 w - 8 potions of might
 z - a potion of cancellation
 K - 2 potions of ambrosia
 M - 4 potions of resistance
 W - 4 potions of haste
Miscellaneous
 s - a phantom mirror
 R - a condenser vane


   Skills:
 * Level 22.5 Fighting
 + Level 17.3 Long Blades
 * Level 19.4 Dodging
 + Level 10.3 Stealth
 + Level 19.5 Shields
 + Level 4.7 Evocations


You had 21 spell levels left.
You didn't know any spells.
Your spell library was empty.

Dungeon Overview and Level Annotations

Branches:
Dungeon (15/15)            Temple (0/1) D:6            Lair (5/6) D:11
  Swamp (4/4) Lair:2       Spider (4/4) Lair:4          Orc (2/2) D:12
    Elf (3/3) Orc:2        Vaults (4/5) D:14          Crypt (0/3) Vaults:3
 Depths (0/5) D:15          Sewer (visited)          Bailey (visited)
  IceCv (visited)
  Slime: Lair:5-6

Altars:
Ashenzari
Dithmenos
Elyvilon
Gozag
Hepliaklqana
Kikubaaqudgha
Nemelex Xobeh
Ru
Sif Muna
Trog
Uskayaw
Vehumet
Wu Jian
Zin
The Shining One
Beogh

Shops:
D:7 :   D:10 [   D:12 ?:(=[   D:13 (   Orc:1 =   Orc:2 ![((   Elf:2 [!:
Elf:3 :=:   Vaults:1 *   Vaults:2 *   Vaults:3 *

Portals:
Trove: D:12 (give 7 potions of haste)

Annotations:
D:8 2 transporters, freelancePsychic's ghost, novice DjIE


Innate Abilities, Weirdness & Mutations

Your dull iron-grey scales are very hard. (AC +16)
You are amphibious.
You cannot fit into any form of body armour.
You are cold-blooded and may be slowed by cold attacks.


Message History

The tormentor hits you but does no damage.
You block the tormentor's attack.
You block the tentacled monstrosity's attack.
The tentacled monstrosity tentacle-slaps you but does no damage. x2
The tentacled monstrosity constricts you!
The purple very ugly thing tentacle-slaps you but does no damage.
The tormentor closely misses you.
The tormentor hits you but does no damage.
The dread lich casts a spell.
The glowing orange brain pulsates.
The glowing orange brain radiates an aura of fear!
You are terrified of the glowing orange brain!
Electricity crackles from the ironbound thunderhulk's apparatus.
The bolt of lightning hits you!!
* * * LOW HITPOINT WARNING * * *
The tentacled monstrosity's grasp on you weakens, but your attempt to escape fails.
You block the tormentor's attack. The tormentor hits you.
* * * LOW HITPOINT WARNING * * *
You writhe in agony.
* * * LOW HITPOINT WARNING * * *
The vault sentinel blows a loud note on a signal horn!
You block the tentacled monstrosity's attack.
The tentacled monstrosity closely misses you.
You block the tentacled monstrosity's attack.
* * * LOW HITPOINT WARNING * * *
The tentacled monstrosity constricts you!
The purple very ugly thing completely misses you.
The dread lich gestures at you while chanting.
You suddenly lose the ability to move!
Electricity crackles from the ironbound thunderhulk's apparatus.
The bolt of lightning hits you!!
* * * LOW HITPOINT WARNING * * *
The glowing orange brain pulsates ominously.
The glowing orange brain pulsates.
Something tries to feed on your intellect!
The ironbound preserver mumbles some strange words.
The ironbound preserver begins to accept its allies' injuries.
The vault sentinel blows a loud note on a signal horn!
The ironbound frostheart calls freezing cold from the walls.
The frost grips you!! You partially resist.
You die...

,,,*
#.....)#.)))....).##..#.#
,,,*
#......#....##....##....#
,,,*
#......#.##.##..........#
,,,*
########................#
,,,* ####'##############
,,,* #.....# ,,,*
***##...## **** *,,,#2..#
****,,p#@2## *,*#.{mXLu#
*,,###pcJ## *****
*,,,88JC8#*** *⌠*,*
*,,.pGCp1O,,* +,,,*
*..##pCGOpp,* +,,,*
*.**#..Tpp,,* +,,,*
***,..T..##** *⌠*,*
*,,,,,,**


You could see a tentacled monstrosity (sheltered), 2 ironbound preservers, a
dread lich (sheltered), a purple very ugly thing (soul bound, sheltered), an Ice
Fiend (summoned, sheltered), 2 ironbound thunderhulks, a yaktaur captain (soul
bound, sheltered), a great orb of eyes (sheltered), 3 ettins, 2 slime creatures,
an ironbound frostheart (summoned, sheltered), a glowing orange brain (scary,
sheltered), 2 deep trolls, 3 vault sentinels, 3 peacekeepers, a wizard (soul
bound, sheltered), a water nymph shaped shifter (soul bound, sheltered), a
hellion (summoned, sheltered) and a tormentor (summoned, sheltered).

Vanquished Creatures
  Nikola (Swamp:4)
  Jorgrun (Elf:2)
  2 tentacled monstrosities
  A deep elf blademaster (Elf:3)
  A lich (IceCv)
  2 deep elf master archers (Elf:3)
  Frances (D:13)
  A tentacled starspawn (Abyss:3)
  2 thorn hunters
  Donald (Swamp:1)
  4 tengu reavers
  10 vault wardens
  3 fenstrider witches (Swamp:4)
  A frost giant (Vaults:2)
  5 deep elf sorcerers
  6 ghost moths
  Louise (Swamp:4)
  The ghost of DemonSlayer the Severer, a journeyman HuBe of Trog (Orc:2)
  3 angels
  3 emperor scorpions (Spider:4)
  3 deep elf elementalists (Elf:3)
  Aizul (Swamp:4)
  A ghoul (Vaults:3)
  3 war gargoyles
  16 ironbound preservers
  The ghost of Juirae the Grappler, a journeyman TrMo of Wu Jian (Lair:4)
  A very ugly thing (Swamp:1)
  A stone giant (Vaults:3)
  7 deep elf demonologists
  A lorocyproca (Abyss:3)
  9 deep elf annihilators
  3 dire elephants
  4 spark wasps
  5 entropy weavers
  6 bunyips
  9 deep elf death magi
  2 green deaths (Swamp:4)
  A shambling mangrove (Swamp:4)
  5 deep elf high priests (Elf:3)
  3 crystal guardians
  A jiangshi (Vaults:3)
  12 yaktaur captains
  4 great orbs of eyes
  5 boulder beetles
  18 vault guards
  10 hydras
  3 ogre magi
  4 peacekeepers
  A caustic shrike simulacrum (IceCv)
  2 ghost crabs
  6 ironbound frosthearts
  5 ironbound thunderhulks
  5 centaur warriors
  8 two-headed ogres
  25 dancing weapons
  16 alligators
  An alligator (shapeshifter) (Vaults:3)
  3 tengu warriors
  A death knight (D:13)
  4 orc high priests (Orc:2)
  A shock serpent (shapeshifter) (D:15)
  A sun demon (Abyss:3)
  9 ironbound beastmasters
  A vampire mage (Vaults:3)
  2 thrashing horrors (Abyss:3)
  A soul eater (Swamp:4)
  5 hell knights (Vaults:3)
  16 deep elf knights
  A wretched star (Abyss:3)
  A sixfirhy (Swamp:4)
  A shadow demon (Abyss:3)
  7 spriggan druids
  2 death drakes
  58 deep trolls
  A spatial maelstrom (Abyss:3)
  A goliath frog (Swamp:3)
  An obsidian statue (IceCv)
  Pikel (D:7)
  14 deep elf archers
  2 wizards
  13 ironbound convokers
  10 harpies
  16 lindwurms
  6 bog bodies
  6 necromancers
  5 orc knights
  31 deep elf zephyrmancers
  28 deep elf pyromancers
  8 orb spiders
  2 oklob plants (Lair:2)
  A mana viper (Abyss:3)
  A manticore (D:15)
  6 cyclopes
  A moth of wrath (Spider:4)
  29 wolf spiders
  14 ugly things
  4 orc sorcerers
  A human zombie (Vaults:1)
  5 will-o-the-wisps (Swamp:2)
  A smoke demon (Abyss:3)
  5 elephants
  6 orange demons (Swamp:4)
  9 vault sentinels
  11 cane toads
  9 black mambas
  14 freezing wraiths
  A yaktaur zombie (Vaults:4)
  8 komodo dragons
  32 yaktaurs
  3 hellwings (Swamp:4)
  3 efreet
  A golden dragon simulacrum (IceCv)
  3 kobold demonologists (D:11)
  A rime drake (Lair:5)
  An ancient zyme (Abyss:3)
  A yaktaur skeleton (Vaults:1)
  10 demonic crawlers
  An ice devil (IceCv)
  2 entropy weaver simulacra (IceCv)
  4 anaconda simulacra (IceCv)
  11 tyrant leeches
  7 trolls
  A polar bear (Lair:5)
  25 jumping spiders
  16 hornets
  A human skeleton (Vaults:4)
  25 slime creatures
  6 large abominations (Abyss:3)
  12 blink frogs
  4 flying skulls
  4 shadows
  14 starcursed masses (Abyss:3)
  An ettin skeleton (Vaults:1)
  A centaur simulacrum (D:14)
  10 water elementals
  73 redbacks
  11 spriggans
  4 air elementals
  2 ynoxinuls (Abyss:3)
  27 tarantellas
  4 wraiths
  4 dire elephant simulacra (IceCv)
  6 wyverns
  2 basilisks
  40 yaks
  3 fire elementals
  7 steam dragons
  A minotaur simulacrum (IceCv)
  4 neqoxecs
  2 chaos spawn (Swamp:4)
  3 wargs (Orc:2)
  21 swamp worms
  Edmund (D:4)
  4 harpy simulacra (IceCv)
  3 hydra simulacra (IceCv)
  3 acid dragons
  19 water moccasins
  4 swamp drakes
  An ice beast (D:6)
  3 black bears
  10 ogres
  40 orc warriors
  4 sky beasts
  4 alligator simulacra (IceCv)
  A necrophage (D:5)
  12 boggarts
  4 small abominations (Abyss:3)
  20 centaurs
  3 kobold brigands
  15 bullfrogs
  A wyvern zombie (D:7)
  3 scorpions
  5 earth elementals (Elf:3)
  2 gnoll sergeants
  2 deep troll simulacra (IceCv)
  2 water moccasin skeletons
  6 killer bees (D:11)
  4 lindwurm simulacra (IceCv)
  3 wights (D:7)
  A howler monkey (D:8)
  10 electric eels
  A human simulacrum (Vaults:4)
  A quasit (Abyss:3)
  2 hounds
  4 bullfrog zombies
  3 centaur zombies
  3 jellies
  29 orc priests
  Crazy Yiuf (D:7)
  3 bullfrog skeletons (D:5)
  2 centaur skeletons
  4 iguanas
  Natasha (thrice) (D:3)
  20 orc wizards
  4 hell rats (Lair:5)
  A howler monkey zombie (D:9)
  15 gnolls
  5 river rats (Sewer)
  13 adders
  2 shadow imps
  A white imp (D:6)
  An ufetubus (D:4)
  3 worms
  2 dart slugs
  102 orcs
  A bat (D:1)
  5 endoplasms
  2 giant cockroaches
  8 goblins
  7 hobgoblins
  5 jackals
  23 kobolds
  2 quokkas (D:5)
  24 ball pythons
  2 frilled lizards
  26 rats
  A briar patch (Swamp:3)
1578 creatures vanquished.

Vanquished Creatures (collateral kills)
  Sojobo (Vaults:3)
  A deep elf annihilator (Elf:3)
  An alligator (Swamp:4)
  2 dancing weapons (Elf:2)
  A deep elf knight (Elf:2)
  4 spriggans
  An orb spider (Spider:4)
  A deep elf zephyrmancer (Elf:2)
  An ugly thing (Swamp:1)
  A deep elf pyromancer (Elf:2)
  A wolf spider (Spider:4)
  A hornet (Lair:4)
  3 redbacks (Spider:4)
  A wyvern (Lair:1)
  A swamp worm (Swamp:1)
  3 orc warriors (Bailey)
  A gnoll sergeant (D:6)
  2 electric eels (Spider:2)
  A gnoll (D:6)
  An orc (Bailey)
29 creatures vanquished.

Vanquished Creatures (others)
  2 spriggans (Swamp:4)
  A death drake (Swamp:4)
  A wizard (Swamp:4)
  A deep elf zephyrmancer (Elf:2)
  2 deep elf pyromancers
  2 bloated husks
  2 hornets (Swamp:4)
  An orc warrior (Bailey)
  An orc priest (Orc:2)
  An orc (Bailey)
  8 foxfires (Swamp:2)
  19 fungi
  57 plants
  6 starspawn tentacles (Abyss:3)
  2 withered plants (Orc:2)
106 creatures vanquished.

Grand Total: 1713 creatures vanquished

Notes
Turn   | Place    | Note
-------+----------+-------------------------------------------
     0 | D:1      | robertstho the Draconian Berserker began the quest for the
                  | Orb.
     0 | D:1      | Reached XP level 1. HP: 19/19 MP: 1/1
   347 | D:1      | Reached XP level 2. HP: 27/27 MP: 2/2
   786 | D:2      | Found a faded altar of an unknown god.
   812 | D:2      | Reached skill level 4 in Fighting
  1205 | D:2      | Reached XP level 3. HP: 33/33 MP: 3/3
  1632 | D:3      | Reached ** piety under Trog
  1734 | D:3      | Noticed Natasha
  1741 | D:3      | Killed Natasha
  1742 | D:3      | Reached XP level 4. HP: 37/41 MP: 4/4
  2148 | D:3      | Noticed Natasha
  2156 | D:3      | Killed Natasha
  2196 | D:3      | Noticed Natasha
  2204 | D:3      | Killed Natasha
  2222 | D:3      | Reached XP level 5. HP: 41/47 MP: 5/5
  3094 | D:4      | Found a hazy altar of Hepliaklqana.
  3111 | D:4      | Noticed an ogre
  3115 | D:4      | HP: 2/70 [ogre (20)]
  3118 | D:4      | Killed an ogre
  3119 | D:4      | Reached XP level 6. HP: 3/55 MP: 6/6
  3500 | D:4      | Reached skill level 5 in Fighting
  3543 | D:4      | Noticed Edmund
  3556 | D:4      | Killed Edmund
  3557 | D:4      | Reached skill level 5 in Long Blades
  3557 | D:4      | Reached skill level 1 in Stealth
  3923 | D:5      | Entered Level 5 of the Dungeon
  3943 | D:5      | Found a glowing drain.
  3979 | Sewer    | Entered a sewer
  4193 | Sewer    | Reached *** piety under Trog
  4199 | Sewer    | Your scales start taking on a dull iron-grey colour.
  4199 | Sewer    | Reached XP level 7. HP: 57/61 MP: 7/7
  4506 | Sewer    | Reached skill level 5 in Dodging
  4595 | D:5      | Found a sacrificial altar of Ru.
  4623 | D:5      | Reached **** piety under Trog
  4690 | D:5      | Reached skill level 6 in Fighting
  4886 | D:5      | Reached XP level 8. HP: 67/70 MP: 8/8
  4941 | D:5      | Found a sparkling altar of Nemelex Xobeh.
  4941 | D:5      | Noticed a two-headed ogre
  4953 | D:5      | Killed a two-headed ogre
  5007 | D:5      | Found a bloodstained altar of Trog.
  5025 | D:5      | Found a hide-covered altar of Uskayaw.
  5093 | D:5      | Found an opulent altar of Gozag.
  5411 | D:5      | Reached skill level 7 in Fighting
  5437 | D:5      | Reached XP level 9. HP: 75/79 MP: 9/9
  5513 | D:5      | Found a glowing golden altar of the Shining One.
  5532 | D:5      | Found a radiant altar of Vehumet.
  5704 | D:6      | Found a staircase to the Ecumenical Temple.
  7401 | D:7      | Found an ornate altar of the Wu Jian Council.
  7711 | D:7      | Found Qeunirig's Book Boutique.
  7840 | D:7      | Reached skill level 8 in Fighting
  7978 | D:7      | Found a runed translucent door.
  7979 | D:7      | Noticed Crazy Yiuf
  8067 | D:7      | Reached skill level 1 in Shields
  8231 | D:7      | Found a shimmering blue altar of Sif Muna.
  8318 | D:7      | Noticed Pikel
  8336 | D:7      | Killed Pikel
  8341 | D:7      | Reached XP level 10. HP: 90/90 MP: 10/10
  8528 | D:7      | Killed Crazy Yiuf
  8736 | D:8      | Found a transporter.
  8743 | D:8      | Noticed a gargoyle
  8749 | D:8      | Noticed freelancePsychic's ghost (novice DjIE)
  8750 | D:8      | Noticed a four-headed hydra
  8786 | D:8      | Found a transporter.
  9300 | D:9      | Noticed a two-headed ogre
  9306 | D:9      | Killed a two-headed ogre
  9314 | D:9      | Found a broken altar of Ashenzari.
  9463 | D:9      | Reached ***** piety under Trog
  9471 | D:9      | Reached skill level 9 in Fighting
 10266 | D:9      | Found a shadowy altar of Dithmenos.
 10378 | D:9      | Reached skill level 5 in Shields
 10722 | D:10     | Entered Level 10 of the Dungeon
 10837 | D:10     | Found a flagged portal.
 10861 | Bailey   | Entered a bailey
 11084 | Bailey   | Reached XP level 11. HP: 78/97 MP: 11/11
 11180 | Bailey   | Noticed an orc knight
 11192 | Bailey   | Killed an orc knight
 11202 | Bailey   | Reached skill level 10 in Long Blades
 11369 | Bailey   | Reached skill level 11 in Fighting
 11369 | Bailey   | Reached skill level 5 in Stealth
 11369 | Bailey   | Reached XP level 12. HP: 110/110 MP: 12/12
 11472 | D:10     | Found a glowing silver altar of Zin.
 11472 | D:10     | Noticed an angel
 11714 | D:10     | Found Jotzea's Armour Shoppe.
 11779 | D:10     | Reached skill level 10 in Dodging
 11902 | D:10     | Noticed a tengu warrior
 11903 | D:10     | Noticed a tengu warrior
 11913 | D:10     | Killed a tengu warrior
 11921 | D:10     | Killed a tengu warrior
 12428 | D:11     | Noticed a two-headed ogre
 12441 | D:11     | Killed a two-headed ogre
 12442 | D:11     | Reached skill level 12 in Fighting
 13230 | D:11     | Found a staircase to the Lair.
 13429 | D:11     | Noticed a boulder beetle
 13431 | D:11     | Noticed a seven-headed hydra
 13572 | Lair:1   | Entered Level 1 of the Lair of Beasts
 13608 | Lair:1   | Received a gift from Trog
 13916 | Lair:1   | Noticed an eight-headed hydra
 13928 | Lair:1   | Killed an 11-headed hydra
 14097 | Lair:1   | Noticed a four-headed hydra
 14102 | Lair:1   | Killed a four-headed hydra
 14161 | Lair:1   | Noticed an eight-headed hydra
 14166 | Lair:1   | Killed an eight-headed hydra
 14166 | Lair:1   | Noticed a six-headed hydra
 14167 | Lair:1   | Reached skill level 13 in Fighting
 14167 | Lair:1   | Reached XP level 13. HP: 122/122 MP: 13/13
 14279 | Lair:1   | Found an ancient bone altar of Kikubaaqudgha.
 14937 | Lair:2   | Found a staircase to the Swamp.
 15194 | Lair:2   | Reached skill level 10 in Shields
 15363 | Lair:2   | Identified the amulet of Hepliaklqana's Delight {RegenMP
                  | rElec Dex-3 Stlth+}
 16051 | Lair:3   | Reached skill level 14 in Fighting
 17138 | Lair:4   | Found a runed translucent door.
 17138 | Lair:4   | Identified the +3 spear of Hayhuplef {venom, rF+}
 17317 | Lair:4   | Found a hole to the Spider Nest.
 17491 | Lair:4   | Found a hide-covered altar of Uskayaw.
 17878 | Lair:4   | Reached XP level 14. HP: 133/133 MP: 14/14
 17958 | Lair:4   | Noticed Juirae's ghost (journeyman TrMo)
 18609 | Lair:5   | Reached skill level 15 in Fighting
 18879 | Lair:5   | Identified a scroll of acquirement
 18882 | Lair:5   | Acquired the +5 pair of boots of Picip {Str+6}
 19142 | Lair:4   | Identified the +2 cloak "Asistrie" {Drain rCorr Str+3}
 19194 | Lair:4   | Killed Juirae's ghost
 19736 | D:12     | Found Fesola's Antique Weapon Shop.
 19795 | D:12     | Found Wytueskaics's Book Boutique.
 19977 | D:12     | Found Wuhe's Magic Scroll Shop.
 19986 | D:12     | Bought a scroll of blinking for 105 gold pieces
 19986 | D:12     | Bought a scroll of identify for 28 gold pieces
 19986 | D:12     | Bought a scroll of blinking for 105 gold pieces
 19986 | D:12     | Bought a scroll of teleportation for 42 gold pieces
 19986 | D:12     | Bought a scroll of teleportation for 42 gold pieces
 19986 | D:12     | Bought a scroll of identify for 28 gold pieces
 19986 | D:12     | Bought a scroll of magic mapping for 49 gold pieces
 20031 | D:12     | Found a staircase to the Orcish Mines.
 20033 | D:12     | Found Fethiudu's Armour Emporium.
 20033 | D:12     | Found Zystacor's Jewellery Emporium.
 20058 | D:12     | Received a gift from Trog
 20077 | D:12     | Bought a scarf of resistance for 512 gold pieces
 20183 | D:12     | Found a portal to a secret trove of treasure.
 20698 | D:13     | Found Ikheynuu's Weapon Shoppe.
 20698 | D:13     | Noticed Frances
 20718 | D:13     | Killed Frances
 21257 | D:14     | Acquired the +3 pair of gauntlets of War {Slay+5}
 21258 | D:14     | Found the +3 pair of gauntlets of War {Slay+5}
 21387 | D:14     | Found a gate to the Vaults.
 21399 | D:14     | Reached skill level 16 in Fighting
 21439 | D:14     | Reached XP level 15. HP: 144/145 MP: 15/15
 21717 | D:15     | Entered Level 15 of the Dungeon
 21895 | D:15     | Found a staircase to the Depths.
 22028 | D:15     | Received a gift from Trog
 22144 | D:15     | Reached ****** piety under Trog
 22918 | Spider:1 | Entered Level 1 of the Spider Nest
 23013 | Spider:1 | Killed a ghost moth
 23038 | Spider:1 | Reached skill level 17 in Fighting
 23246 | Spider:1 | Killed a ghost moth
 24376 | D:12     | Bought a scroll of enchant weapon for 105 gold pieces
 24903 | Spider:1 | Received a gift from Trog
 26102 | Spider:2 | Reached XP level 16. HP: 155/155 MP: 16/16
 28254 | Spider:4 | Entered Level 4 of the Spider Nest
 28280 | Spider:4 | Received a gift from Trog
 28341 | Spider:4 | Reached skill level 15 in Dodging
 28684 | Spider:4 | Found a hide-covered altar of Uskayaw.
 28869 | Spider:4 | Reached skill level 15 in Shields
 29619 | Spider:4 | Reached skill level 18 in Fighting
 29956 | Spider:4 | Got a gossamer rune of Zot
 30319 | Swamp:1  | Entered Level 1 of the Swamp
 30322 | Swamp:1  | Identified the +5 kite shield "Kiocso" {Contam Harm rC+++
                  | MP-9}
 30322 | Swamp:1  | Noticed Donald
 30341 | Swamp:1  | Killed Donald
 30374 | Swamp:1  | Received a gift from Trog
 30414 | Swamp:1  | Found a frozen archway.
 30440 | Swamp:1  | Reached XP level 17. HP: 143/163 MP: 17/17
 30482 | IceCv    | Entered an ice cave
 30706 | IceCv    | Found an ancient bone altar of Kikubaaqudgha.
 30925 | IceCv    | Found the +2 Maxwell's thermic engine {flame, freeze}
 31003 | IceCv    | Noticed a lich
 31011 | IceCv    | Killed a lich
 31029 | IceCv    | Found the +4 skin of Zhor {*Englaciate rC+++ SInv}
 31041 | IceCv    | Identified the ring of Gip Iffipu {rPois rF+ rN+ Str-2
                  | Dex+5}
 31663 | Swamp:2  | Received a gift from Trog
 32605 | Swamp:3  | Reached skill level 15 in Long Blades
 32875 | Swamp:4  | Entered Level 4 of the Swamp
 33040 | Swamp:4  | Reached skill level 19 in Fighting
 33129 | Swamp:4  | Received a gift from Trog
 33130 | Swamp:4  | Paralysed by an orc sorcerer for 2 turns
 33213 | Swamp:4  | Reached XP level 18. HP: 121/176 MP: 9/18
 33225 | Swamp:4  | Noticed a tentacled monstrosity
 33417 | Swamp:4  | Noticed Louise
 33428 | Swamp:4  | Killed Louise
 33557 | Swamp:4  | Noticed Nikola
 33561 | Swamp:4  | Noticed Aizul
 33572 | Swamp:4  | Killed Aizul
 33580 | Swamp:4  | Killed Nikola
 33887 | Swamp:4  | Got a decaying rune of Zot
 33910 | Swamp:4  | Killed a tentacled monstrosity
 34406 | Orc:1    | Entered Level 1 of the Orcish Mines
 34597 | Orc:1    | Found Puxtoral's Jewellery Shoppe.
 34686 | Orc:2    | Entered Level 2 of the Orcish Mines
 34741 | Orc:2    | Found a runed translucent door.
 34741 | Orc:2    | Noticed DemonSlayer's ghost (journeyman HuBe)
 34893 | Orc:2    | Received a gift from Trog
 34966 | Orc:2    | Found a staircase to the Elven Halls.
 35086 | Orc:2    | Found Sipsi's Weapon Emporium.
 35086 | Orc:2    | Found Acaqou's Antique Weapon Emporium.
 35086 | Orc:2    | Found Zonnuuva's Armour Shoppe.
 35109 | Orc:2    | Found Qein's Distillery.
 35250 | Orc:2    | Bought a potion of invisibility for 112 gold pieces
 35250 | Orc:2    | Bought a potion of heal wounds for 70 gold pieces
 35560 | Orc:2    | Killed DemonSlayer's ghost
 35875 | Elf:1    | Entered Level 1 of the Elven Halls
 35878 | Elf:1    | Received a gift from Trog
 35951 | Elf:1    | Noticed a Hell Sentinel
 36338 | Elf:1    | You fall into a shaft and drop 1 floor!
 36349 | Elf:2    | Found a runed translucent gate.
 36349 | Elf:2    | Found a runed translucent gate.
 36350 | Elf:2    | Found a runed translucent gate.
 36355 | Elf:2    | Noticed Jorgrun
 36366 | Elf:2    | Killed Jorgrun
 36380 | Elf:2    | Reached XP level 19. HP: 43/184 MP: 10/19
 36827 | Elf:2    | Reached skill level 20 in Fighting
 37115 | Elf:2    | Found Roum's Book Shop.
 37166 | Elf:2    | Found a glowing silver altar of Zin.
 37166 | Elf:2    | Found a glowing golden altar of the Shining One.
 37166 | Elf:2    | Found a white marble altar of Elyvilon.
 37572 | Elf:2    | Received a gift from Trog
 37604 | Elf:2    | Reached XP level 20. HP: 90/193 MP: 11/20
 37921 | Elf:2    | Found Zumowo Nano's Antique Armour Emporium.
 37935 | Elf:2    | Found Docsil's Distillery.
 37960 | Elf:2    | Bought a potion of heal wounds for 85 gold pieces
 37960 | Elf:2    | Bought a potion of heal wounds for 85 gold pieces
 38451 | Elf:1    | Identified the +7 broad axe "Ivotuu" {vorpal, *Slow rPois
                  | Str+4}
 38525 | Elf:3    | Entered Level 3 of the Elven Halls
 38543 | Elf:3    | Paralysed by an air elemental for 1 turns
 38898 | Elf:3    | Received a gift from Trog
 38988 | Elf:3    | Cast into level 3 of the Abyss (a deep elf sorcerer)
 39265 | Abyss:3  | Received a gift from Trog
 39432 | Elf:3    | Escaped the Abyss
 39663 | Elf:3    | Reached skill level 21 in Fighting
 40025 | Elf:3    | Identified the +11 falchion of Deodas {flame, Fly Str+2}
                  | (Trog gifted it to you on level 3 of the Elven Halls)
 40025 | Elf:3    | Received a gift from Trog
 40200 | Elf:3    | Found Lysteck's Book Shoppe.
 40200 | Elf:3    | Found Nuolec's Jewellery Boutique.
 40201 | Elf:3    | Found Setov's Book Shoppe.
 40586 | Elf:3    | Identified the amulet of the Endless Expanse {Regen+ Dex+2}
 40591 | Elf:3    | Identified the ring of Untruth {rN+ Will+ MP+9 Str-3}
 40598 | Elf:3    | Identified the ring "Leubutes" {Wiz rElec rPois rN++ Dex-5}
 40621 | Elf:3    | Identified the +4 chain mail of Whack-A-Mole {+Blink
                  | Stlth+}
 40633 | Elf:3    | Identified the amulet "Sudioru" {Regen+ rCorr}
 40849 | Vaults:1 | Entered Level 1 of the Vaults
 40937 | Vaults:1 | Reached XP level 21. HP: 203/204 MP: 12/21
 41104 | Vaults:1 | Found Boulir's Assorted Antiques.
 41107 | Vaults:1 | Bought a scroll of summoning for 380 gold pieces
 41107 | Vaults:1 | Bought a scroll labelled FILUSE ENAVUILU for 40 gold pieces
 41158 | Vaults:1 | Received a gift from Trog
 42658 | Vaults:2 | Received a gift from Trog
 43741 | Vaults:2 | Found Xixap's General Store.
 44044 | Vaults:3 | Reached skill level 10 in Stealth
 44460 | Vaults:3 | Reached XP level 22. HP: 215/215 MP: 13/22
 44461 | Vaults:3 | Received a gift from Trog
 44496 | Vaults:3 | Reached skill level 22 in Fighting
 44603 | Vaults:3 | Noticed Sojobo
 44606 | Vaults:3 | Paralysed by an air elemental for 1 turns
 44611 | Vaults:3 | Paralysed by an air elemental for 1 turns
 44900 | Vaults:3 | Received a gift from Trog
 44906 | Vaults:3 | Killed Sojobo
 44916 | Vaults:3 | Found Igilaf's Assorted Antiques.
 44925 | Vaults:3 | Bought a fluorescent wand for 112 gold pieces
 45132 | Vaults:3 | Found a staircase to the Crypt.
 45984 | Vaults:4 | Found a flickering gateway to a bazaar.
 46023 | Bazaar   | Entered a bazaar
 46023 | Bazaar   | Found Idys's General Store.
 46023 | Bazaar   | Found Dess's Antique Armour Shop.
 46023 | Bazaar   | Found Boulir's Book Boutique.
 46026 | Bazaar   | Bought a potion of curing for 45 gold pieces
 46026 | Bazaar   | Bought a scroll of summoning for 142 gold pieces
 46062 | Vaults:4 | Identified the +1 falchion of Lotuppio {flame, rF+} (Trog
                  | gifted it to you on level 4 of the Vaults)
 46062 | Vaults:4 | Received a gift from Trog
 46247 | Vaults:4 | Noticed a dread lich
 46251 | Vaults:4 | Paralysed by a dread lich for 5 turns
 46258 | Vaults:4 | Paralysed by a dread lich for 7 turns
 46258 | Vaults:4 | HP: 7/217 [ironbound thunderhulk/bolt of lightning (28)]
 46258 | Vaults:4 | Killed from afar by an ironbound frostheart

Illustrated notes

Levels and vault maps discovered:
D:1:      minmay_arrival_three_doors, layout_rooms
D:2:      layout_basic, shapermc_ecumenical_altar_ellora
D:3:      layout_basic, minmay_circle_x, uniq_natasha
D:4:      layout_loops_corners, mainiacjoe_overflow_small_starburst,
          palyth_stone_intersect, minivault_1, uniq_edmund
D:5:      layout_basic, hangedman_ru_absence, tso_altar, kennysheep_mini,
          mainiacjoe_overflow_swirl, portal_sewer_entry_f,
          hangedman_feature_mirror
D:6:      cheibrodos_thug_alley, layout_layer_cave,
          minmay_temple_entry_drinking_statues, minmay_misc_feat_ornament
D:7:      kennysheep_steamy, layout_loops_ring, nzn_wu_jian_contemplation,
          tgw_sif, serial_shops, shop, uniq_crazy_yiuf_cottage, uniq_pikel
D:8:      layout_loops_ring, gammafunk_ghost_arena
D:9:      layout_gridville, mainiacjoe_overflow_cross_hatched,
          amcnicky_altar_gilded, hangedman_misty_isle
D:10:     layout_grid_maze, zin_angel, serial_shops, shop, enter_bailey_4
D:11:     layout_long_grid, erik_lair_dragon, kennysheep_generic_room_2
D:12:     layout_roguey [special_room_orc], orc_david_3, trove_entry_hex_spiral,
          serial_shops, shop, nicolae_lakefront_shop, shop, shop
D:13:     layout_loops_ring, serial_shops,
          nicolae_shop_temple_entry_statues_fountains, drop_trap,
          minmay_misc_feat_diagonals, uniq_frances
D:14:     layout_cave_pools, erik_vaults_2, nrook_mini_vaults, chequers_garden
D:15:     hangedman_depths_entry_civil_slaughter, layout_small_grid,
          nicolae_water_bricks, serial_bayou, serial_bayou_lagoon_a,
          serial_bayou_pond_e, serial_bayou_pond_a, serial_bayou_lake_a,
          serial_bayou_crossing, serial_bayou_pond_e
Lair:1:   layout_cave_pods, basic_altar, nicolae_quartered_pool_little,
          serial_bayou_lagoon_b, infiniplex_staircase_pool_2
Lair:2:   layout_regular_city, minmay_swamp_entry_reptiles,
          minmay_lindwurm_lava, infiniplex_staircase_pool,
          minmay_lair_oklob_chamber
Lair:3:   layout_regular_city, st_stairs_8, minmay_shattered_shrine,
          grunt_megastairs_5, lemuel_fruit_tree
Lair:4:   layout_small_grid, spider_nest_entry_a, basic_altar,
          ebering_ghost_funeral_grove, cheibrodos_lair_reptile_den,
          serial_bayou_shore_a
Lair:5:   beast_lair_carwin_large_1, layout_gridlike
Swamp:1:  layout_basic_swamp, portal_ice_cave_entry_ugly_swarm,
          evilmike_swamp_ruin_house_1, uniq_donald
Swamp:2:  layout_basic_swamp, evilmike_swamp_ruin_house_2, swamp_pool4
Swamp:3:  layout_basic_swamp, nicolae_swamp_well_well_well
Swamp:4:  nzn_swamp_witches_coven, layout_basic_swamp, uniq_louise, uniq_nikola,
          uniq_aizul
Spider:1: layout_chambers, nicolae_spider_nooks_and_crannies
Spider:2: layout_chambers, nicolae_spider_bzzzt
Spider:3: layout_spider_delve, nicolae_spider_some_kinda_spiderbox
Spider:4: spider_rune_water, nicolae_spider_altar_of_dancing
Orc:1:    layout_caves, serial_shops, nicolae_lakefront_shop
Orc:2:    st_orc_mages, layout_caves, gammafunk_ghost_grave,
          nicolae_orc_stony_grotto
Elf:1:    eino_elf_arrival_shootout, layout_geoelf_octagon,
          minmay_elf_demonology
Elf:2:    nicolae_elf_blades_crystal_corner, layout_geoelf_diagonals,
          portal_desolation_entry_holy_temple, serial_shops, shop_fountains,
          nicolae_square_shop, nicolae_shop_stone, uniq_jorgrun
Elf:3:    minmay_elf_hall_curves, layout_geoelf_octagon, grunt_ministairs_5,
          grunt_megastairs_4, minmay_shop_grove
Vaults:1: v_misc_27, hangedman_vaults_restitches, v_misc_12,
          nicolae_vaults_big_angled_halls, nicolae_vaults_ninety_degrees,
          vaults_room_grid, ontoclasm_vaults_ligature, v_rooms_6,
          hangedman_vaults_stagger, vaults_dpeg_encased_lava, v_misc_13,
          ontoclasm_vaults_shuriken, ontoclasm_vaults_pinch,
          layout_vaults_maze_bifur, serial_shops, nicolae_shop_window_shopping
Vaults:2: v_misc_10, nicolae_vaults_circle_grid_a, grunt_vaults_swirl,
          nicolae_vaults_inception_statues, hangedman_vaults_stretched_pinwheel,
          vaults_room_stairs_pillars, v_misc_26,
          vaults_room_hangedman_quadrants, nicolae_vaults_little_ls,
          vaults_room_semicircle, layout_vaults_quadrants, serial_shops, shop
Vaults:3: vaults_standard_mumra_x, vaults_mumra_chevron_long, v_misc_10,
          grunt_vaults_bifocal, nicolae_vaults_what_the_h,
          nicolae_vaults_little_squares_3, nicolae_vaults_mini_display_case,
          nicolae_vaults_network_s, hangedman_vaults_slither,
          minmay_crypt_entry_simple_sparse, ontoclasm_vaults_gallery, v_misc_19,
          vaults_room_door_ring, layout_vaults_omnibox, serial_shops, shop,
          uniq_sojobo
Vaults:4: grunt_vaults_hallway_long, hangedman_vaults_hat,
          nicolae_vaults_three_branches, v_misc_32, vaults_room_door_ring,
          hangedman_vaults_slice, dpeg_vaults_pockets_of_resistance,
          vaults_dpeg_diagonal, dpeg_vaults_monster_row,
          nicolae_vaults_border_crossing, layout_vaults_omnicross, serial_shops,
          bzr_entry_islet

Skill      XL: |  1  2  3  4  5  6  7  8  9 10 11 12 13 14 15 16 17 18 19 20 21 22 |
---------------+-------------------------------------------------------------------+-----
Fighting       | 4 5 6 7 8 9 11 13 14 16 17 18 19 20 21 22 | 22.5
Dodging        | 3 4 5 6 8 9 11 12 13 14 15 16 17 18 19 | 19.4
Long Blades    | 4 5 6 7 9 10 11 12 13 14 15 16 17 | 17.3
Stealth        | 1 2 3 5 6 7 8 9 10 | 10.3
Shields        | 2 5 7 9 11 13 14 15 16 17 18 19 | 19.5
Evocations     | 3 4 |  4.7

Action                   |  1- 3 |  4- 6 |  7- 9 | 10-12 | 13-15 | 16-18 | 19-21 | 22-24 || total
-------------------------+-------+-------+-------+-------+-------+-------+-------+-------++-------
Melee: Falchion          |    69 |   167 |   369 |       |   105 |       |       |       ||   710
       Tailslap          |    10 |    25 |    77 |   101 |   305 |   211 |   208 |    79 ||  1016
       Scimitar          |       |       |    41 |   533 |   791 |       |       |       ||  1365
       Demon blade       |       |       |       |       |   546 |   938 |   876 |   314 ||  2674
       Double sword      |       |       |       |       |       |   127 |       |       ||   127
Invok: Berserk           |     1 |     3 |     9 |    14 |    19 |     8 |     4 |     2 ||    60
       Trog's Hand       |       |     1 |     1 |     2 |     1 |     6 |     3 |     1 ||    15
       Brothers in Arms  |       |       |     1 |     2 |     3 |     4 |     2 |     1 ||    13
Evoke: Wand              |       |       |       |     8 |    14 |       |    10 |       ||    32
       Condenser vane    |       |       |       |       |     1 |       |     1 |       ||     2
  Use: Scroll            |       |     1 |     5 |     5 |    23 |    11 |     4 |     3 ||    52
       Potion            |       |       |       |     1 |     2 |     7 |     2 |     3 ||    15
 Stab: Sleeping          |     2 |     1 |     5 |    13 |    24 |    23 |    24 |     9 ||   101
       Distracted        |       |       |     1 |       |     2 |     6 |     2 |     1 ||    12
Armor: Skin              |    19 |    71 |   206 |   289 |   557 |   461 |   174 |    99 ||  1876
Dodge: Dodged            |    45 |   142 |   296 |   247 |   567 |   419 |   342 |   126 ||  2184
Block: Tower shield      |       |       |    74 |   645 |  1535 |   505 |       |       ||  2759
       Kite shield       |       |       |       |       |       |   486 |   852 |   303 ||  1641
       Reflection        |       |       |       |       |       |       |    41 |    26 ||    67
       Rpst.: Falchion   |    19 |    40 |    74 |       |     7 |       |       |       ||   140
       Scimitar          |       |       |     5 |    50 |    78 |       |       |       ||   133
       Demon blade       |       |       |       |       |    37 |    64 |    38 |    20 ||   159
       Double sword      |       |       |       |       |       |     3 |       |       ||     3
